 Dungeon Sprint DCSS version 0.21.1-1-g345015f (webtiles) character file.

550 Fang the Fighter (level 7, -7/94 HPs)
             Began as a Demonspawn Berserker on Apr 18, 2018.
             Was a High Priest of Trog.
             Shot with a bolt by a yaktaur (23 damage)
             ... in the Dungeon (Sprint V: "Ziggurat Sprint") on Apr 19, 2018.
             The game lasted 00:06:00 (289 turns).

Fang the Fighter (Demonspawn Berserker)              Turns: 289, Time: 00:06:01

Health: -7/94      AC: 10    Str: 31    XL:     7   Next: 7%
Magic:  0/0        EV: 14    Int:  5    God:    Trog [*****.]
Gold:   0          SH:  0    Dex: 15    Spells: 6/6 levels left

rFire    . . .     SeeInvis .   b - +8 halberd "Qitzoxa" {chop, rC+++ rN++ MP-9}
rCold    + + +     Gourm    .   (shield currently unavailable)
rNeg     + + .     Faith    .   a - quicksilver dragon scales of Kikubaaqudgha's Favour {rElec rC++ MR+ Int-3 Dex+3}
rPois    .         Spirit   .   (helmet restricted)
rElec    +         Reflect  .   (no cloak)
rCorr    .         Harm     .   (no gloves)
MR       +....     NoTele   +   (no boots)
Stlth    ..........             (no amulet)
HPRegen  0.25/turn              G - ring of flight
MPRegen  0.07/turn              F - +6 ring of strength

@: berserking, studying Unarmed Combat, very quick
A: antennae 1, powered by death 1, sturdy frame 1
a: Berserk, Trog's Hand, Brothers in Arms, Burn Spellbooks, Renounce Religion,
Evoke Flight


You were in the Dungeon.
You worshipped Trog.
Trog was extremely pleased with you.
You were very hungry.

You visited 1 branch

Inventory:

Hand Weapons
 b - the +8 halberd "Qitzoxa" (weapon) {chop, rC+++ rN++ MP-9}
   (You found it in the Dungeon)

   It inflicts extra damage upon your enemies.
   It renders you almost immune to cold.
   It greatly protects you from negative energy.
   It affects your magic capacity (-9).
 l - a +5 executioner's axe
 m - a +5 demon trident
Armour
 a - the quicksilver dragon scales of Kikubaaqudgha's Favour (worn) {rElec rC++ MR+ Int-3 Dex+3}
   (You found it in the Dungeon)

   It affects your intelligence (-3).
   It affects your dexterity (+3).
   It greatly protects you from cold.
   It insulates you from electricity.
   It affects your resistance to hostile enchantments.
 k - a +3 large shield
Jewellery
 F - a +6 ring of strength (right hand)
 G - a ring of flight (left hand)
Wands
 x - a wand of disintegration (7)
 y - a wand of iceblast (7)
 z - a wand of acid (7)
Scrolls
 i - 4 scrolls of blinking
 n - 7 scrolls of fog
 o - 5 scrolls of identify
 p - 5 scrolls of remove curse
 q - 2 scrolls of fear
Potions
 d - 10 potions of curing
 e - 10 potions of heal wounds
 f - 6 potions of haste
 g - 7 potions of magic
 h - 3 potions of berserk rage
 r - 2 potions of brilliance
 s - 2 potions of invisibility
 t - 4 potions of resistance
 u - a potion of experience
 v - 5 potions of agility
 w - 5 potions of might
Books
 j - a manual of Unarmed Combat
Miscellaneous
 A - a lamp of fire
 C - a phial of floods
 D - a phial of floods
Comestibles
 c - 7 rations
 B - 8 chunks of flesh


   Skills:
 + Level 8.9 Fighting
 + Level 7.4(8.5) Axes
 + Level 6.4(8.0) Polearms
 + Level 4.7 Armour
 + Level 5.1 Dodging
 + Level 1.2 Shields


You had 6 spell levels left.
You didn't know any spells.

Dungeon Overview and Level Annotations

Branches:
Dungeon (1/1)

Altars:
Ashenzari
Cheibriados
Dithmenos
Elyvilon
Fedhas
Gozag
Hepliaklqana
Kikubaaqudgha
Makhleb
Nemelex Xobeh
Okawaru
Qazlal
Ru
Sif Muna
Trog
Uskayaw
Vehumet
Wu Jian
Xom
Yredelemnul
Zin
The Shining One
Beogh
Jiyva
Lugonu


Innate Abilities, Weirdness & Mutations

You have a pair of small antennae on your head.
You regenerate a little health from kills.
Your movements are slightly less encumbered by armour. (ER -2)


Message History

Found four items.
A red film seems to cover your vision as you go berserk!
You feel yourself moving faster!
You feel mighty!
You are feeling very hungry.
The centaur wields a shortbow.
The centaur shoots an arrow.
The arrow hits you!
The centaur shoots an arrow.
The arrow completely misses you.
The yaktaur unwields a +1 antimagic hand axe.
The yaktaur wields an arbalest.
The yaktaur shoots a bolt.
The bolt hits you!!
The yaktaur unwields a +4 great mace of crushing.
The yaktaur wields an arbalest.
The yaktaur shoots a bolt.
The bolt hits you!!
* * * LOW HITPOINT WARNING * * *
Unknown command.
You are too injured to fight recklessly!
Unknown command.
You are too injured to fight recklessly!
Unknown command.
You feel a strong urge to attack something.
The centaur shoots an arrow.
The arrow barely misses you.
The yaktaur shoots a bolt.
The bolt hits you!!
You die...

▓▓▓▓▓▓▓▓▓▓▓▓▓▓▓▓▓▓▓
▓..8©8..▓ ▓..[c:..▓
▓.cccc..▓ ▓....c..▓
▓.......▓ ▓.......▓
▓.......▓ ▓.▓.@.▓.▓
▓...©...▓ ▓▓▓▓▓▓▓▓▓


You could see 5 yaktaurs and a centaur.

Vanquished Creatures
  A naga (D)
  A floating eye (D)
  A phantom (D)
  A necrophage (D)
  A jelly (D)
  An orc priest (D)
  An orc wizard (D)
  An iguana (D)
  2 adders (D)
  A river rat (D)
  An ooze (D)
  An adder zombie (D)
  3 orcs (D)
  A ball python (D)
  A quokka skeleton (D)
18 creatures vanquished.

Notes
Turn   | Place    | Note
-------+----------+-------------------------------------------
     0 | D        | Found the +6 Majin-Bo {vamp, Archmagi MP+6 Int+6}
     0 | D        | Found the +7 great mace "Firestarter" {inner flame, rF++}
     0 | D        | Fang the Demonspawn Berserker began the quest for the Orb.
     0 | D        | Reached XP level 1. HP: 18/18 MP: 1/1
     3 | D        | Found a blossoming altar of Fedhas.
     5 | D        | Found a viscous altar of Jiyva.
     5 | D        | Found a hazy altar of Hepliaklqana.
     5 | D        | Found a transporter.
     5 | D        | Found an opulent altar of Gozag.
     5 | D        | Found an ancient bone altar of Kikubaaqudgha.
     5 | D        | Found a corrupted altar of Lugonu.
    11 | D        | Found a burning altar of Makhleb.
    12 | D        | Found a stormy altar of Qazlal.
    12 | D        | Found a sacrificial altar of Ru.
    12 | D        | Found an iron altar of Okawaru.
    12 | D        | Found a deep blue altar of Sif Muna.
    12 | D        | Found a sparkling altar of Nemelex Xobeh.
    12 | D        | Found a bloodstained altar of Trog.
    83 | D        | Entered arena 2.
    83 | D        | Noticed an iguana
    83 | D        | Found a transporter.
    88 | D        | Killed an iguana
    88 | D        | Reached skill level 4 in Fighting
    88 | D        | Gained mutation: You regenerate a little health from kills. [demonic ancestry]
    88 | D        | Reached XP level 2. HP: 26/26 MP: 2/2
    89 | D        | Reached skill level 1 in Polearms
    89 | D        | Gained mutation: Your movements are slightly less encumbered by armour. (ER -2) [demonic ancestry]
    89 | D        | Reached XP level 3. HP: 32/32 MP: 3/3
   101 | D        | Reached ** piety under Trog
   137 | D        | Entered arena 3.
   137 | D        | Noticed a floating eye
   137 | D        | Found a transporter.
   140 | D        | Paralysed by a floating eye for 4 turns
   144 | D        | Reached skill level 5 in Fighting
   145 | D        | Killed a floating eye
   145 | D        | Reached *** piety under Trog
   145 | D        | Reached skill level 6 in Fighting
   145 | D        | Reached XP level 4. HP: 41/41 MP: 4/4
   145 | D        | Reached XP level 5. HP: 47/47 MP: 5/5
   152 | D        | Got the quicksilver dragon scales of Kikubaaqudgha's Favour {rElec rC++ MR+ Int-3 Dex+3}
   184 | D        | Got the +8 halberd "Qitzoxa" {chop, rC+++ rN++ MP-9}
   192 | D        | Entered arena 4.
   192 | D        | Noticed a necrophage
   192 | D        | Noticed a phantom
   192 | D        | Found a transporter.
   197 | D        | Killed a phantom
   197 | D        | Reached skill level 7 in Fighting
   200 | D        | Killed a necrophage
   200 | D        | Reached **** piety under Trog
   200 | D        | Reached skill level 8 in Fighting
   200 | D        | Reached skill level 1 in Shields
   200 | D        | Gained mutation: You have a pair of small antennae on your head. [demonic ancestry]
   200 | D        | Reached XP level 6. HP: 52/56 MP: 0/6
   221 | D        | Entered arena 5.
   221 | D        | Noticed a naga
   221 | D        | Found a transporter.
   224 | D        | Reached skill level 5 in Polearms
   225 | D        | Reached ***** piety under Trog
   228 | D        | Killed a naga
   228 | D        | Reached skill level 5 in Dodging
   237 | D        | Received a gift from Trog
   252 | D        | Entered arena 6.
   252 | D        | Found a transporter.
   257 | D        | Reached XP level 7. HP: 63/63 MP: 0/7
   287 | D        | Entered arena 7.
   287 | D        | Noticed a yaktaur
   287 | D        | Noticed a yaktaur
   287 | D        | Noticed a yaktaur
   287 | D        | Noticed a yaktaur
   287 | D        | Noticed a yaktaur
   289 | D        | Found a transporter.
   289 | D        | Shot with a bolt by a yaktaur

Skill      XL: |  1  2  3  4  5  6 |
---------------+-------------------+-----
Fighting       | 4 6 8 |  8.9
Axes           | 4 6 7 |  7.4
Armour         | 2 3 4 |  4.7
Dodging        | 2 3 4 5 |  5.1
Polearms       | 1 2 4 6 |  6.4
Shields        | 1 |  1.2

Action                   |  1- 3 |  4- 6 |  7- 9 || total
-------------------------+-------+-------+-------++-------
Melee: Demon trident     |     8 |     1 |       ||     9
       Halberd           |       |    24 |     5 ||    29
Invok: Berserk           |     2 |       |     1 ||     3
       Burn Spellbooks   |     1 |     1 |       ||     2
Armor: Shadow dragon sca |     6 |       |       ||     6
       Quicksilver drago |       |    11 |     3 ||    14
Dodge: Dodged            |       |    36 |     6 ||    42
Block: Large shield      |     3 |     1 |       ||     4
